Islanders vs Penguins

Created - Saturday, April 11, 2015 at 01:31

Goals
1 2 3 T
Islanders 0 2 0 2
Penguins 1 2 2 5
Shots
1 2 3 T
Islanders 10 13 9 32
Penguins 13 10 10 33

1st period

1. Penguins , Vladimir Tarasenko 17 (Nathan MacKinnon) at 2:12 (PP)

Penalties :
Tyler Ennis (NYI) for Roughing (Minor) at 1:33, Matt Martin (NYI) for High sticking (Minor) at 2:17, Kyle Quincey (NYI) for Holding (Minor) at 3:01, Chris Stewart (Pit) for Roughing (Minor) at 8:52, Carl Hagelin (NYI) for Hooking (Minor) at 10:12, Lauri Korpikoski (NYI) for Hooking (Minor) at 13:03

2nd period

2. Islanders , Kyle Quincey 14 (Erik Karlsson, David Krejci) at 2:01 (SH)
3. Penguins , Nail Yakupov 11 (Jarome Iginla, Paul Gaustad) at 7:20
4. Penguins , Anton Volchenkov 6 (Nathan MacKinnon, Christian Ehrhoff) at 12:39
5. Islanders , Tyler Ennis 23 (Erik Karlsson, Kyle Quincey) at 17:57 (PP)

Penalties :
Dalton Prout (NYI) for Roughing (Minor) at 0:44, David Legwand (Pit) for Hooking (Minor) at 12:51, David Legwand (Pit) for Tripping (Minor) at 17:36

3rd period

6. Penguins , Christian Ehrhoff 17 (Nathan MacKinnon, Cody Ceci) at 3:23
7. Penguins , Vladimir Tarasenko 18 (Mikael Granlund, Jarome Iginla) at 6:01

Penalties :
No Penalty

Goalie Stats

Braden Holtby (NYI), 28 saves from 33 shots - (0.848), L, 31-32-3, 60:00 minutes
Mike Smith (Pit), 30 saves from 32 shots - (0.938), W, 35-20-9, 60:00 minutes

Players Stats for Islanders

Player Name              G  A  P  +/- PIM S  H  SB GA TA FO     MP     PP MP  PK MP  
------------------------------------------------------------------------------------
Brandon Bollig           0  0  0  -1  0   0  4  1  1  0  1/12   15:39   2:17   3:51 
Carl Hagelin             0  0  0  -1  2   1  0  0  1  0  0/0    16:08   1:22   0:00 
Cody McLeod              0  0  0  -1  0   0  1  0  1  0  0/0    10:20   0:00   0:18 
Colton Sceviour          0  0  0  -1  0   0  0  0  2  0  0/0     7:37   0:00   0:00 
Craig Adams              0  0  0  -1  0   0  2  0  0  0  2/5    13:26   0:00   4:34 
Dalton Prout             0  0  0  -1  2   2  2  3  0  3  0/0    24:29   0:00   5:02 
David Krejci             0  1  1   0  0   6  1  0  1  0  7/12   19:30   1:23   3:21 
Dustin Brown             0  0  0  -1  0   3  6  1  1  0  2/2    16:42   2:17   1:05 
Erik Karlsson            0  2  2   0  0   6  2  6  2  0  0/0    26:06   2:21   3:30 
Jake Muzzin              0  0  0  -1  0   0  1  1  1  1  0/0    15:36   1:19   1:12 
Jamie Benn               0  0  0  -1  0   4  1  0  2  0  1/2    14:04   0:00   0:00 
Kane Lafranchise         0  0  0  -2  0   0  0  0  0  0  0/0    14:10   0:00   0:00 
Kyle Quincey             1  1  2   0  2   4  0  5  0  0  0/0    20:02   2:21   2:25 
Lauri Korpikoski         0  0  0  -1  2   1  0  0  1  1  0/0    13:28   0:00   0:00 
Marcel Goc               0  0  0   0  0   1  3  0  2  2  5/10   14:51   1:23   2:44 
Matt Martin              0  0  0  -1  2   1  0  0  2  0  0/0     9:57   0:00   0:05 
Rob Scuderi              0  0  0  -2  0   1  0  0  0  1  0/0    20:48   1:19   5:10 
Tyler Ennis              1  0  1  -1  2   2  0  0  0  0  2/9    16:22   2:17   0:07 

Players Stats for Penguins

Player Name              G  A  P  +/- PIM S  H  SB GA TA FO     MP     PP MP  PK MP  
------------------------------------------------------------------------------------
Anton Volchenkov         1  0  1   2  0   2  4  1  1  1  0/0    27:14   3:59   2:01 
Chris Kelly              0  0  0   0  0   1  0  1  0  0  0/0    12:21   0:00   0:29 
Chris Stewart            0  0  0   2  2   0  1  1  0  0  1/1    15:36   0:34   0:00 
Christian Ehrhoff        1  1  2   1  0   6  1  2  1  3  0/0    26:13   4:41   2:01 
Cody Ceci                0  1  1   2  0   0  0  2  0  0  0/0    15:30   0:00   0:00 
David Legwand            0  0  0   2  4   0  0  0  0  0  7/15   20:54   4:29   0:00 
Dougie Hamilton          0  0  0   0  0   1  1  3  0  1  0/0    22:36   4:02   0:00 
Grant Clitsome           0  0  0   0  0   0  0  1  0  1  0/0    14:19   4:38   1:39 
Jarome Iginla            0  2  2   1  0   4  2  0  7  1  0/1    24:00   3:37   2:50 
Marcus Foligno           0  0  0   0  0   1  2  1  2  0  0/0    11:52   0:00   0:00 
Mark Fraser              0  0  0   1  0   1  3  2  0  2  0/0    14:06   0:00   1:39 
Mark Giordano            0  0  0   0  0   0  0  0  0  0  0/0     0:00   0:00   0:00 
Mikael Granlund          0  1  1   0  0   6  0  0  2  0  8/13   15:55   3:59   0:00 
Nail Yakupov             1  0  1   1  0   4  0  0  0  1  0/1     8:29   0:12   0:00 
Nate Thompson            0  0  0   0  0   3  2  1  0  0  5/8    13:07   0:00   0:21 
Nathan MacKinnon         0  3  3   2  0   1  3  0  4  0  0/0    22:24   4:51   0:21 
Paul Gaustad             0  1  1   0  0   1  1  2  0  0  11/12  15:01   3:49   3:19 
Vladimir Tarasenko       2  0  2   1  0   2  0  0  0  0  0/1    15:56   4:29   0:00 

3 Stars

1 - Nathan MacKinnon (Pit)
2 - Vladimir Tarasenko (Pit)
3 - Anton Volchenkov (Pit)

Power Play

Islanders - 1 on 3 Attempt(s) - 33.33%
Penguins - 1 on 6 Attempt(s) - 16.67%

Penalty Kill

Islanders - 5 on 6 Attempt(s) - 83.33% - Score 1 goal in Penalty Kill
Penguins - 2 on 3 Attempt(s) - 66.67% - Score 0 goal in Penalty Kill

Team Stat

Islanders - Hits : 23 - Faceoff Wins : 20 - Blocked Shots : 17 - Penalty Minutes : 12
Penguins - Hits : 20 - Faceoff Wins : 32 - Blocked Shots : 17 - Penalty Minutes : 6

Official

Referees : Unknown
Linesman : Unknown

Game Notes

Grant Clitsome is injured at 15:57 of 2nd period (Back Spasms)
17:57 of 2nd period - Islanders goal is going for a video replay. After video review, Goal.

Finance

Level 1 -- Attendance: 4758 (79.30%) -- Ticket Income $428,220
Level 2 -- Attendance: 5000 (100.00%) -- Ticket Income $265,000
Level 3 -- Attendance: 1724 (86.20%) -- Ticket Income $51,720
Level 4 -- Attendance: 3993 (99.83%) -- Ticket Income $63,888
Luxury Box -- Attendance: 1000 (100.00%) -- Ticket Income $179,000
Game was played at the Consol Energy Center'
Total Attendance: 16475 (91.53%)
Total Ticket Income: $987,828
Other Income: $484,036
Total Income: $1,471,864

Islanders

5 vs 5 Forward 
   Center                   Left Wing                Right Wing               Time % Phy DF OF 
 1 David Krejci             Jamie Benn               Carl Hagelin             34     1   1  3  
 2 Tyler Ennis              Dustin Brown             Lauri Korpikoski         31     1   1  3  
 3 Marcel Goc               Matt Martin              Cody McLeod              20     1   2  2  
 4 Craig Adams              Brandon Bollig           Colton Sceviour          15     1   2  2  

5 vs 5 Defense 
   Defense                  Defense                                           Time % Phy DF OF 
 1 Erik Karlsson            Dalton Prout                                      37     1   3  1  
 2 Jake Muzzin              Kyle Quincey                                      32     1   3  1  
 3 Kane Lafranchise         Rob Scuderi                                       28     1   3  1  
 4 Dalton Prout             Erik Karlsson                                     3      1   3  1  

PowerPlay Forward 
   Center                   Left Wing                Right Wing               Time % Phy DF OF 
 1 Brandon Bollig           Dustin Brown             Tyler Ennis              60     1   2  2  
 2 David Krejci             Carl Hagelin             Marcel Goc               40     1   2  2  

PowerPlay Defense
   Defense                  Defense                                           Time % Phy DF OF 
 1 Erik Karlsson            Kyle Quincey                                      60     1   2  2  
 2 Jake Muzzin              Rob Scuderi                                       40     1   2  2  

Penalty Kill 4 Players Forward 
   Center                   Wing                     Time % Phy DF OF 
 1 Brandon Bollig           Craig Adams              60     1   2  2  
 2 Marcel Goc               David Krejci             40     1   2  2  

Penalty Kill 4 Players Defense
   Defense                  Defense                  Time % Phy DF OF 
 1 Dalton Prout             Rob Scuderi              60     1   2  2  
 2 Kyle Quincey             Erik Karlsson            40     1   2  2  

Penalty Kill - 3 Players Forward 
   Forward                                           Time % Phy DF OF 
 1 Dustin Brown                                      60     1   2  2  
 2 Marcel Goc                                        40     1   2  2  

Penalty Kill - 3 Players Defense
   Defense                  Defense                  Time % Phy DF OF 
 1 Dalton Prout             Rob Scuderi              60     1   2  2  
 2 Kyle Quincey             Erik Karlsson            40     1   2  2  

4 vs 4 Forward 
   Center                   Wing                     Time % Phy DF OF 
 1 Brandon Bollig           Tyler Ennis              60     1   2  2  
 2 David Krejci             Dustin Brown             40     1   2  2  

4 vs 4 Defense
   Defense                  Defense                  Time % Phy DF OF 
 1 Erik Karlsson            Dalton Prout             60     1   2  2  
 2 Jake Muzzin              Kyle Quincey             40     1   2  2  

Last Minutes Offensive
   Center                   Left Wing                Right Wing               Defense                  Defense                  
   David Krejci             Dustin Brown             Brandon Bollig           Erik Karlsson            Jake Muzzin              

Last Minutes Defensive
   Center                   Left Wing                Right Wing               Defense                  Defense                  
   Marcel Goc               Lauri Korpikoski         Craig Adams              Rob Scuderi              Dalton Prout             

Goaltenders
Starting : Braden Holtby            
Backup : Andrew Hammond           

Extra Forwards
Normal : Brandon Bollig, Dustin Brown, David Krejci - PP : Brandon Bollig, Dustin Brown - PK : Brandon Bollig
Extra Defensemen
Normal : Kyle Quincey, Dalton Prout, Erik Karlsson - PP : Erik Karlsson - PK : Dalton Prout, Rob Scuderi
Penalty Shots
Brandon Bollig, Dustin Brown, Tyler Ennis, Kyle Quincey, David Krejci

Penguins

5 vs 5 Forward 
   Center                   Left Wing                Right Wing               Time % Phy DF OF 
 1 David Legwand            Chris Stewart            Nathan MacKinnon         35     0   0  5  
 2 Mikael Granlund          Vladimir Tarasenko       Jarome Iginla            30     0   1  4  
 3 Paul Gaustad             Nail Yakupov             Jarome Iginla            22     0   3  2  
 4 Nate Thompson            Marcus Foligno           Chris Kelly              13     2   3  0  

5 vs 5 Defense 
   Defense                  Defense                                           Time % Phy DF OF 
 1 Christian Ehrhoff        Anton Volchenkov                                  40     0   2  3  
 2 Grant Clitsome           Dougie Hamilton                                   35     0   3  2  
 3 Cody Ceci                Mark Fraser                                       20     0   4  1  
 4 Christian Ehrhoff        Anton Volchenkov                                  5      0   2  3  

PowerPlay Forward 
   Center                   Left Wing                Right Wing               Time % Phy DF OF 
 1 Mikael Granlund          Paul Gaustad             Jarome Iginla            60     0   0  5  
 2 David Legwand            Vladimir Tarasenko       Nathan MacKinnon         40     0   0  5  

PowerPlay Defense
   Defense                  Defense                                           Time % Phy DF OF 
 1 Anton Volchenkov         Grant Clitsome                                    60     0   0  5  
 2 Christian Ehrhoff        Dougie Hamilton                                   40     0   1  4  

Penalty Kill 4 Players Forward 
   Center                   Wing                     Time % Phy DF OF 
 1 Paul Gaustad             Jarome Iginla            60     0   5  0  
 2 Nate Thompson            Nathan MacKinnon         40     0   5  0  

Penalty Kill 4 Players Defense
   Defense                  Defense                  Time % Phy DF OF 
 1 Anton Volchenkov         Christian Ehrhoff        60     0   5  0  
 2 Mark Fraser              Grant Clitsome           40     0   5  0  

Penalty Kill - 3 Players Forward 
   Forward                                           Time % Phy DF OF 
 1 Paul Gaustad                                      60     0   5  0  
 2 Nate Thompson                                     40     0   5  0  

Penalty Kill - 3 Players Defense
   Defense                  Defense                  Time % Phy DF OF 
 1 Anton Volchenkov         Dougie Hamilton          60     0   5  0  
 2 Christian Ehrhoff        Mark Fraser              40     0   5  0  

4 vs 4 Forward 
   Center                   Wing                     Time % Phy DF OF 
 1 Mikael Granlund          Jarome Iginla            60     0   0  5  
 2 David Legwand            Nathan MacKinnon         40     0   1  4  

4 vs 4 Defense
   Defense                  Defense                  Time % Phy DF OF 
 1 Christian Ehrhoff        Grant Clitsome           60     0   1  4  
 2 Dougie Hamilton          Anton Volchenkov         40     0   2  3  

Last Minutes Offensive
   Center                   Left Wing                Right Wing               Defense                  Defense                  
   Mikael Granlund          Chris Stewart            Jarome Iginla            Christian Ehrhoff        Cody Ceci                

Last Minutes Defensive
   Center                   Left Wing                Right Wing               Defense                  Defense                  
   Paul Gaustad             Chris Stewart            Jarome Iginla            Christian Ehrhoff        Anton Volchenkov         

Goaltenders
Starting : Mike Smith               
Backup : Mark Visentin            

Extra Forwards
Normal : Nathan MacKinnon, Nail Yakupov, Vladimir Tarasenko - PP : Nathan MacKinnon, Nail Yakupov - PK : Paul Gaustad
Extra Defensemen
Normal : Anton Volchenkov, Dougie Hamilton, Christian Ehrhoff - PP : Dougie Hamilton - PK : Anton Volchenkov, Dougie Hamilton
Penalty Shots
Paul Gaustad, Jarome Iginla, Nathan MacKinnon, Vladimir Tarasenko, David Legwand

% Time on Ice - Islanders

Lines # - Real PCT - Wanted PCT - Time Play
Normal Forward
1 - 33% - 34% - 15:28
2 - 30% - 31% - 14:03
3 - 21% - 20% - 9:53
4 - 16% - 15% - 7:37
Normal Defense
1 - 38% - 37% - 17:53
2 - 32% - 32% - 14:57
3 - 30% - 28% - 14:11
4 - 0% - 3% - 0:00
PP Forward
1 - 62% - 60% - 2:17
2 - 38% - 40% - 1:23
PP Defense
1 - 64% - 60% - 2:21
2 - 36% - 40% - 1:19
PK Forward
1 - 68% - 60% - 5:04
2 - 32% - 40% - 2:21
PK Defense
1 - 58% - 60% - 4:20
2 - 42% - 40% - 3:05
PK3 Forward
1 - 80% - 60% - 1:00
2 - 20% - 40% - 0:15
PK3 Defense
1 - 72% - 60% - 0:54
2 - 28% - 40% - 0:21
44 Forward
1 - 100% - 60% - 0:39
2 - 0% - 40% - 0:00
44 Defense
1 - 100% - 60% - 0:39
2 - 0% - 40% - 0:00
Last Minute Offensive  - 0:00
Last Minute Defensive  - 0:00
Total
Forward - 60:00
Defense - 60:00

% Time on Ice - Penguins

Lines # - Real PCT - Wanted PCT - Time Play
Normal Forward
1 - 33% - 35% - 15:32
2 - 26% - 30% - 12:22
3 - 15% - 22% - 7:15
4 - 25% - 13% - 11:52
Normal Defense
1 - 33% - 40% - 15:23
2 - 41% - 35% - 19:11
3 - 26% - 20% - 12:27
4 - 0% - 5% - 0:00
PP Forward
1 - 48% - 60% - 4:11
2 - 52% - 40% - 4:29
PP Defense
1 - 53% - 60% - 4:38
2 - 47% - 40% - 4:02
PK Forward
1 - 90% - 60% - 3:19
2 - 10% - 40% - 0:21
PK Defense
1 - 55% - 60% - 2:01
2 - 45% - 40% - 1:39
PK3 Forward
1 - 0% - 60%
2 - 0% - 40%
PK3 Defense
1 - 0% - 60%
2 - 0% - 40%
44 Forward
1 - 100% - 60% - 0:39
2 - 0% - 40% - 0:00
44 Defense
1 - 100% - 60% - 0:39
2 - 0% - 40% - 0:00
Last Minute Offensive  - 0:00
Last Minute Defensive  - 0:00
Total
Forward - 60:00
Defense - 60:00

Play by Play

1st period


0:01 of 1st period - David Krejci wins face-off versus David Legwand in neutral zone.
1:12 of 1st period - Snap shot by Jarome Iginla.
1:12 of 1st period - Shot Misses the Net.
1:16 of 1st period - Wrist shot by Mikael Granlund.
1:16 of 1st period - Stopped by Braden Holtby with a rebound.
1:33 of 1st period - Minor Penalty to Tyler Ennis for Roughing.
1:34 of 1st period - Mikael Granlund wins face-off versus Brandon Bollig in Islanders zone.
1:34 of 1st period - Snap shot by Jarome Iginla.
1:34 of 1st period - Shot Misses the Net.
1:59 of 1st period - Rob Scuderi is hit by Anton Volchenkov and loses puck.
2:12 of 1st period - Slapshot by Vladimir Tarasenko.
2:12 of 1st period - Goal by Vladimir Tarasenko - Islanders : 0 - Penguins : 1.
2:13 of 1st period - Nate Thompson wins face-off versus Marcel Goc in neutral zone.
2:17 of 1st period - Minor Penalty to Matt Martin for High sticking.
2:18 of 1st period - Marcel Goc wins face-off versus David Legwand in Islanders zone.
2:37 of 1st period - Slapshot by Erik Karlsson.
2:37 of 1st period - Shot Hit the Post.
2:51 of 1st period - Snap shot by David Legwand.
2:51 of 1st period - Shot Blocked by Erik Karlsson.
2:53 of 1st period - Wrist shot by Nathan MacKinnon.
2:53 of 1st period - Shot Blocked by Kyle Quincey.
2:55 of 1st period - Backhand shot by Dougie Hamilton.
2:55 of 1st period - Shot Blocked by Kyle Quincey.
3:01 of 1st period - Minor Penalty to Kyle Quincey for Holding.
3:02 of 1st period - Dustin Brown wins face-off versus Mikael Granlund in Islanders zone.
3:02 of 1st period - Dustin Brown is hit by Anton Volchenkov.
3:12 of 1st period - Dalton Prout is hit by Paul Gaustad.
3:32 of 1st period - Off-side.
3:33 of 1st period - Dustin Brown wins face-off versus David Legwand in neutral zone.
3:36 of 1st period - Christian Ehrhoff is hit by Erik Karlsson and loses puck.
3:47 of 1st period - Slapshot by Christian Ehrhoff.
3:47 of 1st period - Stopped by Braden Holtby with a rebound.
3:49 of 1st period - Snap shot by Christian Ehrhoff.
3:49 of 1st period - Shot Blocked by Dalton Prout.
3:51 of 1st period - Wrist shot by Christian Ehrhoff.
3:51 of 1st period - Shot Misses the Net.
3:53 of 1st period - Wrist shot by Christian Ehrhoff.
3:53 of 1st period - Stopped by Braden Holtby without a rebound.
3:54 of 1st period - Marcel Goc wins face-off versus Jarome Iginla in Islanders zone.
4:17 of 1st period - Penalty to Matt Martin is over, Matt Martin is back on ice.
4:19 of 1st period - Wrist shot by Jarome Iginla.
4:19 of 1st period - Shot Blocked by Dustin Brown.
4:21 of 1st period - Slapshot by Anton Volchenkov.
4:21 of 1st period - Deflect By Jarome Iginla.
4:21 of 1st period - Shot Blocked by Dalton Prout.
4:21 of 1st period - Puck is out of play.
4:22 of 1st period - David Legwand wins face-off versus Brandon Bollig in Islanders zone.
4:23 of 1st period - Wrist shot by Nathan MacKinnon.
4:23 of 1st period - Shot Blocked by Erik Karlsson.
4:25 of 1st period - Snap shot by Vladimir Tarasenko.
4:25 of 1st period - Shot Blocked by Erik Karlsson.
4:27 of 1st period - Snap shot by Vladimir Tarasenko.
4:27 of 1st period - Deflect By Nathan MacKinnon.
4:27 of 1st period - Shot Misses the Net.
4:27 of 1st period - Puck is out of play.
4:28 of 1st period - David Legwand wins face-off versus Brandon Bollig in Islanders zone.
5:01 of 1st period - Penalty to Kyle Quincey is over, Kyle Quincey is back on ice.
5:55 of 1st period - Wrist shot by Cody McLeod.
5:55 of 1st period - Shot Misses the Net.
5:57 of 1st period - Snap shot by Rob Scuderi.
5:57 of 1st period - Shot Blocked by Paul Gaustad.
6:03 of 1st period - Wrist shot by Marcel Goc.
6:03 of 1st period - Deflect By Mark Fraser.
6:03 of 1st period - Stopped by Mike Smith with a rebound.
6:05 of 1st period - Wrist shot by Matt Martin.
6:05 of 1st period - Shot Blocked by Paul Gaustad.
6:07 of 1st period - Slapshot by Rob Scuderi.
6:07 of 1st period - Deflect By Marcel Goc.
6:07 of 1st period - Shot Misses the Net.
6:07 of 1st period - Puck is out of play.
6:08 of 1st period - Tyler Ennis wins face-off versus Nate Thompson in Penguins zone.
6:21 of 1st period - Lauri Korpikoski is hit by Nate Thompson and loses puck.
7:13 of 1st period - Snap shot by Jamie Benn.
7:13 of 1st period - Shot Hit the Post.
7:15 of 1st period - Snap shot by Carl Hagelin.
7:15 of 1st period - Shot Misses the Net.
7:17 of 1st period - Slapshot by Kyle Quincey.
7:17 of 1st period - Stopped by Mike Smith with a rebound.
7:19 of 1st period - Slapshot by Kyle Quincey.
7:19 of 1st period - Deflect By David Krejci.
7:19 of 1st period - Shot Misses the Net.
7:19 of 1st period - Puck is out of play.
7:20 of 1st period - Mikael Granlund wins face-off versus Marcel Goc in Penguins zone.
7:27 of 1st period - Snap shot by Mikael Granlund.
7:27 of 1st period - Stopped by Braden Holtby without a rebound.
7:28 of 1st period - Mikael Granlund wins face-off versus Marcel Goc in Islanders zone.
7:29 of 1st period - Snap shot by Jarome Iginla.
7:29 of 1st period - Stopped by Braden Holtby with a rebound.
7:39 of 1st period - Slapshot by Jarome Iginla.
7:39 of 1st period - Stopped by Braden Holtby with a rebound.
8:22 of 1st period - Snap shot by Jamie Benn.
8:22 of 1st period - Shot Misses the Net.
8:24 of 1st period - Wrist shot by David Krejci.
8:24 of 1st period - Shot Misses the Net.
8:52 of 1st period - Minor Penalty to Chris Stewart for Roughing.
8:53 of 1st period - Paul Gaustad wins face-off versus Brandon Bollig in Penguins zone.
9:10 of 1st period - Slapshot by Dustin Brown.
9:10 of 1st period - Stopped by Mike Smith without a rebound.
9:11 of 1st period - Paul Gaustad wins face-off versus Brandon Bollig in Penguins zone.
9:24 of 1st period - Christian Ehrhoff is hit by Brandon Bollig and loses puck.
9:35 of 1st period - Slapshot by Erik Karlsson.
9:35 of 1st period - Stopped by Mike Smith with a rebound.
9:55 of 1st period - Slapshot by Christian Ehrhoff.
9:55 of 1st period - Stopped by Braden Holtby with a rebound.
9:57 of 1st period - Wrist shot by Paul Gaustad.
9:57 of 1st period - Shot Misses the Net.
10:12 of 1st period - Minor Penalty to Carl Hagelin for Hooking.
10:13 of 1st period - Brandon Bollig wins face-off versus Mikael Granlund in Islanders zone.
10:52 of 1st period - Penalty to Chris Stewart is over, Chris Stewart is back on ice.
11:09 of 1st period - Craig Adams is hit by Chris Stewart and loses puck.
11:30 of 1st period - Rob Scuderi is hit by Nathan MacKinnon.
12:04 of 1st period - Wrist shot by David Krejci.
12:04 of 1st period - Stopped by Mike Smith with a rebound.
12:06 of 1st period - Slapshot by Erik Karlsson.
12:06 of 1st period - Stopped by Mike Smith with a rebound.
12:12 of 1st period - Penalty to Carl Hagelin is over, Carl Hagelin is back on ice.
12:13 of 1st period - Snap shot by Kyle Quincey.
12:13 of 1st period - Stopped by Mike Smith with a rebound.
12:15 of 1st period - Snap shot by David Krejci.
12:15 of 1st period - Shot Misses the Net.
12:17 of 1st period - Slapshot by Erik Karlsson.
12:17 of 1st period - Deflect By David Krejci.
12:17 of 1st period - Stopped by Mike Smith with a rebound.
12:19 of 1st period - Slapshot by David Krejci.
12:19 of 1st period - Stopped by Mike Smith with a rebound.
12:21 of 1st period - Slapshot by Erik Karlsson.
12:21 of 1st period - Shot Misses the Net.
12:47 of 1st period - Chris Kelly is hit by Dustin Brown and loses puck.
13:03 of 1st period - Minor Penalty to Lauri Korpikoski for Hooking.
13:04 of 1st period - David Legwand wins face-off versus Brandon Bollig in Islanders zone.
13:08 of 1st period - Wrist shot by David Legwand.
13:08 of 1st period - Shot Misses the Net.
13:10 of 1st period - Slapshot by Anton Volchenkov.
13:10 of 1st period - Shot Misses the Net.
13:12 of 1st period - Slapshot by Anton Volchenkov.
13:12 of 1st period - Stopped by Braden Holtby with a rebound.
13:14 of 1st period - Slapshot by Anton Volchenkov.
13:14 of 1st period - Shot Blocked by Brandon Bollig.
13:18 of 1st period - Snap shot by Nathan MacKinnon.
13:18 of 1st period - Shot Misses the Net.
13:20 of 1st period - Snap shot by Nathan MacKinnon.
13:20 of 1st period - Shot Misses the Net.
13:22 of 1st period - Slapshot by Grant Clitsome.
13:22 of 1st period - Shot Misses the Net.
15:03 of 1st period - Penalty to Lauri Korpikoski is over, Lauri Korpikoski is back on ice.
15:07 of 1st period - Snap shot by Nail Yakupov.
15:07 of 1st period - Stopped by Braden Holtby with a rebound.
15:11 of 1st period - Wrist shot by Paul Gaustad.
15:11 of 1st period - Stopped by Braden Holtby without a rebound.
15:12 of 1st period - Nate Thompson wins face-off versus Tyler Ennis in Islanders zone.
15:17 of 1st period - Slapshot by Nate Thompson.
15:17 of 1st period - Stopped by Braden Holtby with a rebound.
15:19 of 1st period - Wrist shot by Cody Ceci.
15:19 of 1st period - Shot Blocked by Kyle Quincey.
15:21 of 1st period - Wrist shot by Chris Kelly.
15:21 of 1st period - Stopped by Braden Holtby with a rebound.
16:30 of 1st period - Anton Volchenkov is hit by Marcel Goc.
16:34 of 1st period - Wrist shot by Erik Karlsson.
16:34 of 1st period - Shot Misses the Net.
17:19 of 1st period - Grant Clitsome is hit by Brandon Bollig and loses puck.
18:12 of 1st period - Icing by Kane Lafranchise.
18:13 of 1st period - Nate Thompson wins face-off versus Tyler Ennis in Islanders zone.
18:56 of 1st period - Cody McLeod is hit by Nathan MacKinnon and loses puck.
19:14 of 1st period - Off-side.
19:15 of 1st period - David Krejci wins face-off versus Mikael Granlund in neutral zone.
19:32 of 1st period - Wrist shot by Jamie Benn.
19:32 of 1st period - Deflect By David Krejci.
19:32 of 1st period - Stopped by Mike Smith without a rebound.
19:33 of 1st period - Nate Thompson wins face-off versus David Krejci in Penguins zone.
19:56 of 1st period - Snap shot by David Krejci.
19:56 of 1st period - Shot Blocked by Nate Thompson.
Goals for this period are 0 for Islanders vs 1 for Penguins.
Shots for this period are 10 for Islanders vs 13 for Penguins.

2nd period


0:01 of 2nd period - David Krejci wins face-off versus Mikael Granlund in neutral zone.
0:24 of 2nd period - Wrist shot by Jarome Iginla.
0:24 of 2nd period - Shot Misses the Net.
0:34 of 2nd period - Snap shot by Jarome Iginla.
0:34 of 2nd period - Shot Misses the Net.
0:36 of 2nd period - Slapshot by Christian Ehrhoff.
0:36 of 2nd period - Shot Blocked by Erik Karlsson.
0:38 of 2nd period - Slapshot by Christian Ehrhoff.
0:38 of 2nd period - Stopped by Braden Holtby with a rebound.
0:44 of 2nd period - Minor Penalty to Dalton Prout for Roughing.
0:45 of 2nd period - Mikael Granlund wins face-off versus Brandon Bollig in Islanders zone.
1:32 of 2nd period - Rob Scuderi is hit by Nathan MacKinnon and loses puck.
1:59 of 2nd period - Slapshot by Erik Karlsson.
1:59 of 2nd period - Shot Misses the Net.
2:01 of 2nd period - Snap shot by Kyle Quincey.
2:01 of 2nd period - Goal by Kyle Quincey - Islanders : 1 - Penguins : 1.
2:02 of 2nd period - Marcel Goc wins face-off versus Paul Gaustad in neutral zone.
2:44 of 2nd period - Penalty to Dalton Prout is over, Dalton Prout is back on ice.
3:07 of 2nd period - Snap shot by David Legwand.
3:07 of 2nd period - Shot Blocked by Kyle Quincey.
3:31 of 2nd period - Slapshot by Tyler Ennis.
3:31 of 2nd period - Stopped by Mike Smith with a rebound.
5:18 of 2nd period - Wrist shot by Cody McLeod.
5:18 of 2nd period - Shot Blocked by Dougie Hamilton.
5:31 of 2nd period - Wrist shot by Matt Martin.
5:31 of 2nd period - Shot Blocked by Chris Kelly.
5:41 of 2nd period - Nate Thompson is hit by Dustin Brown and loses puck.
5:58 of 2nd period - Snap shot by Erik Karlsson.
5:58 of 2nd period - Shot Misses the Net.
6:14 of 2nd period - Jarome Iginla is hit by Craig Adams and loses puck.
7:20 of 2nd period - Wrist shot by Nail Yakupov.
7:20 of 2nd period - Goal by Nail Yakupov - Islanders : 1 - Penguins : 2.
7:21 of 2nd period - Mikael Granlund wins face-off versus Jamie Benn in neutral zone.
8:06 of 2nd period - Snap shot by Tyler Ennis.
8:06 of 2nd period - Shot Blocked by Christian Ehrhoff.
8:18 of 2nd period - Snap shot by Tyler Ennis.
8:18 of 2nd period - Shot Blocked by Chris Stewart.
8:38 of 2nd period - Snap shot by Dustin Brown.
8:38 of 2nd period - Stopped by Mike Smith without a rebound.
8:39 of 2nd period - Paul Gaustad wins face-off versus Craig Adams in Penguins zone.
9:00 of 2nd period - Wrist shot by Brandon Bollig.
9:00 of 2nd period - Shot Misses the Net.
9:18 of 2nd period - Craig Adams is hit by Marcus Foligno and loses puck.
9:30 of 2nd period - Icing by Kane Lafranchise.
9:31 of 2nd period - Craig Adams wins face-off versus Nate Thompson in Islanders zone.
9:36 of 2nd period - Mark Fraser is hit by Craig Adams and loses puck.
9:58 of 2nd period - Off-side.
9:59 of 2nd period - David Legwand wins face-off versus David Krejci in neutral zone.
10:48 of 2nd period - Slapshot by Mikael Granlund.
10:48 of 2nd period - Stopped by Braden Holtby with a rebound.
10:50 of 2nd period - Slapshot by Grant Clitsome.
10:50 of 2nd period - Shot Blocked by Erik Karlsson.
10:52 of 2nd period - Wrist shot by Dougie Hamilton.
10:52 of 2nd period - Deflect By Jarome Iginla.
10:52 of 2nd period - Stopped by Braden Holtby with a rebound.
10:54 of 2nd period - Slapshot by Dougie Hamilton.
10:54 of 2nd period - Deflect By Erik Karlsson.
10:54 of 2nd period - Stopped by Braden Holtby with a rebound.
11:42 of 2nd period - Snap shot by Marcel Goc.
11:42 of 2nd period - Shot Misses the Net.
11:44 of 2nd period - Snap shot by Kyle Quincey.
11:44 of 2nd period - Shot Misses the Net.
11:55 of 2nd period - Wrist shot by Marcel Goc.
11:55 of 2nd period - Deflect By Matt Martin.
11:55 of 2nd period - Shot Misses the Net.
11:55 of 2nd period - Puck is out of play.
11:56 of 2nd period - Paul Gaustad wins face-off versus Brandon Bollig in Penguins zone.
11:56 of 2nd period - Paul Gaustad is hit by Brandon Bollig.
12:06 of 2nd period - Craig Adams is hit by Jarome Iginla and loses puck.
12:19 of 2nd period - Snap shot by Jarome Iginla.
12:19 of 2nd period - Shot Hit the Post.
12:31 of 2nd period - Slapshot by David Legwand.
12:31 of 2nd period - Shot Misses the Net.
12:33 of 2nd period - Slapshot by Anton Volchenkov.
12:33 of 2nd period - Shot Misses the Net.
12:35 of 2nd period - Snap shot by Christian Ehrhoff.
12:35 of 2nd period - Stopped by Braden Holtby with a rebound.
12:37 of 2nd period - Slapshot by Anton Volchenkov.
12:37 of 2nd period - Deflect By Nathan MacKinnon.
12:37 of 2nd period - Stopped by Braden Holtby with a rebound.
12:39 of 2nd period - Snap shot by Anton Volchenkov.
12:39 of 2nd period - Goal by Anton Volchenkov - Islanders : 1 - Penguins : 3.
12:40 of 2nd period - Jamie Benn wins face-off versus David Legwand in neutral zone.
12:49 of 2nd period - Snap shot by Jamie Benn.
12:49 of 2nd period - Shot Misses the Net.
12:51 of 2nd period - Minor Penalty to David Legwand for Hooking.
12:52 of 2nd period - Paul Gaustad wins face-off versus Brandon Bollig in Penguins zone.
13:01 of 2nd period - Slapshot by Tyler Ennis.
13:01 of 2nd period - Shot Misses the Net.
13:11 of 2nd period - Christian Ehrhoff is hit by Dustin Brown and loses puck.
13:24 of 2nd period - Slapshot by Erik Karlsson.
13:24 of 2nd period - Stopped by Mike Smith without a rebound.
13:25 of 2nd period - Paul Gaustad wins face-off versus Marcel Goc in Penguins zone.
13:25 of 2nd period - Paul Gaustad is hit by David Krejci.
13:56 of 2nd period - Wrist shot by David Krejci.
13:56 of 2nd period - Shot Blocked by Mark Fraser.
13:58 of 2nd period - Snap shot by David Krejci.
13:58 of 2nd period - Shot Misses the Net.
14:00 of 2nd period - Slapshot by Rob Scuderi.
14:00 of 2nd period - Stopped by Mike Smith with a rebound.
14:16 of 2nd period - Chris Kelly is hit by Brandon Bollig and loses puck.
14:27 of 2nd period - Slapshot by Erik Karlsson.
14:27 of 2nd period - Shot Blocked by Grant Clitsome.
14:45 of 2nd period - Marcel Goc is hit by Mark Fraser and loses puck.
14:51 of 2nd period - Penalty to David Legwand is over, David Legwand is back on ice.
15:56 of 2nd period - Grant Clitsome is hit by Dustin Brown.
15:57 of 2nd period - Grant Clitsome from Penguins is injured at 15:57 of 2nd period (Back Spasms).
15:58 of 2nd period - David Krejci wins face-off versus David Legwand in Penguins zone.
16:21 of 2nd period - Wrist shot by David Krejci.
16:21 of 2nd period - Stopped by Mike Smith with a rebound.
16:23 of 2nd period - Slapshot by Erik Karlsson.
16:23 of 2nd period - Stopped by Mike Smith without a rebound.
16:24 of 2nd period - Mikael Granlund wins face-off versus Tyler Ennis in Penguins zone.
16:52 of 2nd period - Off-side.
16:53 of 2nd period - David Krejci wins face-off versus David Legwand in neutral zone.
16:56 of 2nd period - David Legwand is hit by Erik Karlsson and loses puck.
17:28 of 2nd period - Snap shot by David Krejci.
17:28 of 2nd period - Shot Blocked by Cody Ceci.
17:30 of 2nd period - Snap shot by David Krejci.
17:30 of 2nd period - Shot Misses the Net.
17:36 of 2nd period - Minor Penalty to David Legwand for Tripping.
17:37 of 2nd period - Paul Gaustad wins face-off versus Brandon Bollig in Penguins zone.
17:43 of 2nd period - Icing by Brandon Bollig.
17:44 of 2nd period - Paul Gaustad wins face-off versus Brandon Bollig in Islanders zone.
17:55 of 2nd period - Wrist shot by Erik Karlsson.
17:55 of 2nd period - Stopped by Mike Smith with a rebound.
17:57 of 2nd period - Wrist shot by Tyler Ennis.
17:57 of 2nd period - Islanders goal is going for a video replay.
17:57 of 2nd period - The goal is good.
17:57 of 2nd period - Goal by Tyler Ennis - Islanders : 2 - Penguins : 3.
17:58 of 2nd period - Chris Stewart wins face-off versus David Krejci in neutral zone.
18:11 of 2nd period - Slapshot by Erik Karlsson.
18:11 of 2nd period - Shot Blocked by Christian Ehrhoff.
18:30 of 2nd period - Backhand shot by Jamie Benn.
18:30 of 2nd period - Stopped by Mike Smith without a rebound.
18:31 of 2nd period - Paul Gaustad wins face-off versus Tyler Ennis in Penguins zone.
18:31 of 2nd period - Paul Gaustad is hit by Jake Muzzin.
18:51 of 2nd period - Wrist shot by Nail Yakupov.
18:51 of 2nd period - Stopped by Braden Holtby without a rebound.
18:52 of 2nd period - Marcel Goc wins face-off versus Vladimir Tarasenko in Islanders zone.
18:57 of 2nd period - Wrist shot by Erik Karlsson.
18:57 of 2nd period - Stopped by Mike Smith with a rebound.
19:23 of 2nd period - Slapshot by Marcel Goc.
19:23 of 2nd period - Deflect By Matt Martin.
19:23 of 2nd period - Stopped by Mike Smith with a rebound.
19:25 of 2nd period - Snap shot by Dalton Prout.
19:25 of 2nd period - Stopped by Mike Smith with a rebound.
19:47 of 2nd period - Wrist shot by Nathan MacKinnon.
19:47 of 2nd period - Shot Misses the Net.
19:49 of 2nd period - Backhand shot by Cody Ceci.
19:49 of 2nd period - Shot Blocked by Erik Karlsson.
19:51 of 2nd period - Snap shot by Mark Fraser.
19:51 of 2nd period - Stopped by Braden Holtby without a rebound.
19:52 of 2nd period - David Legwand wins face-off versus Tyler Ennis in Islanders zone.
19:53 of 2nd period - Snap shot by Nathan MacKinnon.
19:53 of 2nd period - Shot Misses the Net.
Goals for this period are 2 for Islanders vs 2 for Penguins.
Shots for this period are 13 for Islanders vs 10 for Penguins.

3rd period


0:01 of 3rd period - Paul Gaustad wins face-off versus David Krejci in neutral zone.
0:12 of 3rd period - Wrist shot by Nail Yakupov.
0:12 of 3rd period - Stopped by Braden Holtby with a rebound.
0:18 of 3rd period - Anton Volchenkov is hit by Dalton Prout.
0:38 of 3rd period - Slapshot by Anton Volchenkov.
0:38 of 3rd period - Shot Misses the Net.
0:54 of 3rd period - David Legwand is hit by Dustin Brown and loses puck.
1:08 of 3rd period - Nathan MacKinnon is hit by Dalton Prout and loses puck.
1:41 of 3rd period - Wrist shot by Marcus Foligno.
1:41 of 3rd period - Shot Blocked by Kyle Quincey.
1:43 of 3rd period - Snap shot by Nate Thompson.
1:43 of 3rd period - Stopped by Braden Holtby without a rebound.
1:44 of 3rd period - Nate Thompson wins face-off versus Marcel Goc in Islanders zone.
1:55 of 3rd period - Wrist shot by Cody McLeod.
1:55 of 3rd period - Shot Blocked by Marcus Foligno.
2:13 of 3rd period - Rob Scuderi is hit by Marcus Foligno and loses puck.
3:09 of 3rd period - Jake Muzzin is hit by Mark Fraser.
3:19 of 3rd period - Wrist shot by Nathan MacKinnon.
3:19 of 3rd period - Shot Misses the Net.
3:21 of 3rd period - Slapshot by Christian Ehrhoff.
3:21 of 3rd period - Shot Misses the Net.
3:23 of 3rd period - Slapshot by Christian Ehrhoff.
3:23 of 3rd period - Goal by Christian Ehrhoff - Islanders : 2 - Penguins : 4.
3:24 of 3rd period - Tyler Ennis wins face-off versus Nail Yakupov in neutral zone.
3:37 of 3rd period - Snap shot by Dustin Brown.
3:37 of 3rd period - Stopped by Mike Smith with a rebound.
3:39 of 3rd period - Snap shot by Tyler Ennis.
3:39 of 3rd period - Shot Blocked by Anton Volchenkov.
3:41 of 3rd period - Slapshot by Erik Karlsson.
3:41 of 3rd period - Shot Blocked by Dougie Hamilton.
3:43 of 3rd period - Snap shot by Dalton Prout.
3:43 of 3rd period - Shot Blocked by Dougie Hamilton.
4:19 of 3rd period - Chris Stewart is hit by Jamie Benn and loses puck.
5:22 of 3rd period - Craig Adams is hit by Christian Ehrhoff and loses puck.
6:01 of 3rd period - Snap shot by Vladimir Tarasenko.
6:01 of 3rd period - Goal by Vladimir Tarasenko - Islanders : 2 - Penguins : 5.
6:02 of 3rd period - David Krejci wins face-off versus David Legwand in neutral zone.
6:19 of 3rd period - Wrist shot by Jamie Benn.
6:19 of 3rd period - Stopped by Mike Smith with a rebound.
6:21 of 3rd period - Slapshot by Erik Karlsson.
6:21 of 3rd period - Deflect By Jamie Benn.
6:21 of 3rd period - Stopped by Mike Smith without a rebound.
6:22 of 3rd period - David Legwand wins face-off versus David Krejci in Penguins zone.
6:35 of 3rd period - Off-side.
6:36 of 3rd period - Mikael Granlund wins face-off versus Tyler Ennis in neutral zone.
7:25 of 3rd period - Matt Martin is hit by Jarome Iginla and loses puck.
7:32 of 3rd period - Mark Fraser is hit by Cody McLeod and loses puck.
7:37 of 3rd period - Slapshot by Erik Karlsson.
7:37 of 3rd period - Shot Blocked by Mark Fraser.
7:39 of 3rd period - Slapshot by Marcel Goc.
7:39 of 3rd period - Deflect By Cody McLeod.
7:39 of 3rd period - Shot Misses the Net.
7:39 of 3rd period - Puck is out of play.
7:40 of 3rd period - David Krejci wins face-off versus David Legwand in Penguins zone.
7:45 of 3rd period - Snap shot by Jamie Benn.
7:45 of 3rd period - Deflect By David Krejci.
7:45 of 3rd period - Stopped by Mike Smith with a rebound.
8:35 of 3rd period - Slapshot by Dougie Hamilton.
8:35 of 3rd period - Deflect By Chris Kelly.
8:35 of 3rd period - Shot Misses the Net.
8:35 of 3rd period - Puck is out of play.
8:36 of 3rd period - Craig Adams wins face-off versus Nate Thompson in Islanders zone.
8:50 of 3rd period - Slapshot by Marcus Foligno.
8:50 of 3rd period - Shot Misses the Net.
8:52 of 3rd period - Snap shot by Nate Thompson.
8:52 of 3rd period - Stopped by Braden Holtby with a rebound.
9:28 of 3rd period - Nail Yakupov is hit by Dustin Brown and loses puck.
9:59 of 3rd period - Snap shot by Dustin Brown.
9:59 of 3rd period - Shot Misses the Net.
10:19 of 3rd period - Snap shot by David Krejci.
10:19 of 3rd period - Deflect By Jamie Benn.
10:19 of 3rd period - Stopped by Mike Smith with a rebound.
10:21 of 3rd period - Backhand shot by Kyle Quincey.
10:21 of 3rd period - Stopped by Mike Smith with a rebound.
10:23 of 3rd period - Wrist shot by Carl Hagelin.
10:23 of 3rd period - Stopped by Mike Smith with a rebound.
10:25 of 3rd period - Slapshot by Dalton Prout.
10:25 of 3rd period - Stopped by Mike Smith without a rebound.
10:26 of 3rd period - Marcel Goc wins face-off versus Mikael Granlund in Penguins zone.
12:09 of 3rd period - Lauri Korpikoski is hit by Dougie Hamilton and loses puck.
12:30 of 3rd period - Wrist shot by Jarome Iginla.
12:30 of 3rd period - Stopped by Braden Holtby without a rebound.
12:31 of 3rd period - Paul Gaustad wins face-off versus Craig Adams in Islanders zone.
12:41 of 3rd period - Slapshot by Paul Gaustad.
12:41 of 3rd period - Shot Misses the Net.
12:51 of 3rd period - Snap shot by Colton Sceviour.
12:51 of 3rd period - Shot Blocked by Cody Ceci.
12:57 of 3rd period - Kyle Quincey is hit by Mark Fraser and loses puck.
13:42 of 3rd period - Marcel Goc is hit by Anton Volchenkov and loses puck.
13:51 of 3rd period - Kane Lafranchise is hit by Anton Volchenkov and loses puck.
15:47 of 3rd period - Wrist shot by Mikael Granlund.
15:47 of 3rd period - Stopped by Braden Holtby without a rebound.
15:48 of 3rd period - Mikael Granlund wins face-off versus Craig Adams in Islanders zone.
16:32 of 3rd period - Marcus Foligno is hit by Marcel Goc and loses puck.
16:43 of 3rd period - Wrist shot by Nate Thompson.
16:43 of 3rd period - Shot Blocked by Dalton Prout.
16:45 of 3rd period - Wrist shot by Marcus Foligno.
16:45 of 3rd period - Stopped by Braden Holtby with a rebound.
17:35 of 3rd period - Snap shot by Mikael Granlund.
17:35 of 3rd period - Stopped by Braden Holtby with a rebound.
17:37 of 3rd period - Slapshot by Anton Volchenkov.
17:37 of 3rd period - Shot Blocked by Jake Muzzin.
17:39 of 3rd period - Snap shot by Mikael Granlund.
17:39 of 3rd period - Stopped by Braden Holtby without a rebound.
17:40 of 3rd period - David Legwand wins face-off versus Tyler Ennis in Islanders zone.
17:48 of 3rd period - Wrist shot by David Legwand.
17:48 of 3rd period - Shot Misses the Net.
18:02 of 3rd period - Snap shot by Lauri Korpikoski.
18:02 of 3rd period - Stopped by Mike Smith with a rebound.
19:05 of 3rd period - Kyle Quincey is hit by Nate Thompson and loses puck.
19:19 of 3rd period - Snap shot by Craig Adams.
19:19 of 3rd period - Shot Misses the Net.
19:48 of 3rd period - Christian Ehrhoff is hit by Marcel Goc and loses puck.
Goals for this period are 0 for Islanders vs 2 for Penguins.
Shots for this period are 9 for Islanders vs 10 for Penguins.


Output by the SimonT Hockey Simulator (STHS) for Eric Dolegowski -- Original Page W3C XHTML 1.0 Valid
Hockey Simulator - Hockey Simulation - Hockey Manager